 Dungeon Crawl Stone Soup version 0.19-a0-328-g3707654 (webtiles) character file.

230856 mistymad the Unseen (level 18, -11/147 HPs)
             Began as a Vampire Enchanter on May 28, 2016.
             Was the Champion of Dithmenos.
             Mangled by a greater naga
             ... wielding a +0 spear
              (24 damage)
             ... on level 4 of the Snake Pit.
             The game lasted 03:35:28 (38345 turns).

mistymad the Unseen (Vampire Enchanter)            Turns: 38345, Time: 03:35:29

Health: -11/147    AC: 12    Str: 18    XL:     18   Next: 77%
Magic:  18/42      EV: 26    Int: 24    God:    Dithmenos [******]
Gold:   2556       SH:  3    Dex: 25    Spells: 9 memorised, 11 levels left

rFire  + . .     SeeInvis +     t - +9 dagger of Manan {elec, *Drain rN+ MP+9 Int+3}
rCold  + + +     Gourm    .     L - +2 robe {Archmagi}
rNeg   + + +     Faith    .     (no shield)
rPois  +         Spirit   .     X - +1 helmet {rC+}
rElec  .         Dismiss  .     P - +1 cloak {rF+}
rCorr  .         Reflect  +     H - +2 pair of gloves {Str+3}
SustAt .         Harm     .     v - +0 pair of boots
MR     +....                    G - amulet "Huudwyak" {Reflect Str+6 SH+3}
Stlth  ++++++++++               E - ring of Uravyngy {+Fly rPois Int+2}
                                T - ring of Zecebe {rC+ Str+2 Dex+4}

@: lethally poisoned (-11 -> -44), about to teleport, very slightly
contaminated, regenerating slowly, wreathed by umbra, somewhat resistant to
hostile enchantments, uncannily stealthy
A: fangs 3, see invisible, unbreathing
a: Bat Form, Shadow Step, Shadow Form, Renounce Religion, Evoke Flight
}: 1/15 runes: decaying


You were on level 4 of the Snake Pit.
You worshipped Dithmenos.
Dithmenos was exalted by your worship.
You were very thirsty.

You visited 7 branches of the dungeon, and saw 35 of its levels.
You also visited: Bailey, Ice Cave and Volcano.

You collected 3749 gold pieces.
You spent 1193 gold pieces at shops.

Inventory:

Hand Weapons
 t - the +9 dagger of Manan (weapon) {elec, *Drain rN+ MP+9 Int+3}
   (You found it on level 4 of the Dungeon)

   Occasionally, upon striking a foe, it will discharge some electrical energy
   and cause terrible harm.
   It affects your intelligence (+3).
   It protects you from negative energy.
   It affects your magic capacity (+9).
   It causes draining when unequipped.
Missiles
 c - 8 throwing nets (quivered)
Armour
 v - a +0 pair of boots (worn)
 H - a +2 pair of gloves of strength (worn)
 L - a +2 robe of the Archmagi (worn)
 P - a +1 cloak of fire resistance (worn)
 X - a +1 helmet of cold resistance (worn)
Jewellery
 B - an uncursed ring of protection from magic
 E - the ring of Uravyngy (right hand) {+Fly rPois Int+2}
   (You bought it in a shop on level 15 of the Dungeon)

   [ring of flight]

   It affects your intelligence (+2).
   It protects you from poison.
   It lets you fly.
 G - the amulet "Huudwyak" (around neck) {Reflect Str+6 SH+3}
   (You bought it in a shop on level 15 of the Dungeon)

   [amulet of reflection]

   It shields you and reflects attacks.
   It affects your strength (+6).
   It affects your SH (+3).
 J - an uncursed ring of fire
 T - the ring of Zecebe (left hand) {rC+ Str+2 Dex+4}
   (You found it on level 8 of the Lair of Beasts)

   [ring of strength]

   It affects your strength (+2).
   It affects your dexterity (+4).
   It protects you from cold.
Wands
 b - a wand of slowing (15/48)
 M - a wand of paralysis (13/24)
 W - a wand of digging (7/24)
 Y - a wand of teleportation (4/9)
Scrolls
 d - a scroll of acquirement
 f - 18 scrolls of remove curse
 h - a scroll of brand weapon
 i - 12 scrolls of fear
 o - 4 scrolls of teleportation
 r - 11 scrolls of amnesia
 u - 2 scrolls of recharging
 y - 7 scrolls of enchant armour
 z - 2 scrolls of summoning
 A - 5 scrolls of fog
 C - 3 scrolls of magic mapping
Potions
 a - a potion of magic
 e - 3 potions of haste
 g - 11 potions of heal wounds
 j - 13 potions of curing {unknown}
 k - 6 potions of berserk rage {unknown}
 m - 7 potions of lignification {unknown}
 n - 37 potions of blood
 p - 6 potions of invisibility {unknown}
 q - 5 potions of brilliance {unknown}
 s - 3 potions of might {unknown}
 w - 6 potions of cancellation {unknown}
 x - 2 potions of resistance {unknown}
 F - 9 potions of flight {unknown}
 K - 5 potions of agility {unknown}
 R - 2 potions of cure mutation {unknown}
 U - 2 potions of ambrosia {unknown}


   Skills:
 * Level 14.7 Fighting
 + Level 13.2 Short Blades
 + Level 13.5 Dodging
 + Level 18.4 Stealth
 + Level 11.5 Spellcasting
 + Level 16.9 Hexes
 + Level 10.1 Charms
 - Level 3.3 Summonings
 + Level 8.8 Translocations
 - Level 5.0 Ice Magic


You had 11 spell levels left.
You knew the following spells:

 Your Spells              Type           Power        Failure   Level  Hunger
a - Haste                 Chrm           #######.     14%         6    #####..
b - Ensorcelled Hibernat  Hex/Ice        ######       1%          2    None
c - Confuse               Hex            #######.     0%          3    None
d - Tukima's Dance        Hex            #######.     0%          3    None
e - Dazzling Spray        Conj/Hex       ######       1%          3    None
f - Repel Missiles        Chrm/Air       ######       1%          2    None
g - Blink                 Tloc           N/A          1%          2    None
h - Ozocubu's Armour      Chrm/Ice       ######..     1%          3    None
i - Summon Forest         Summ/Tloc      ######....   14%         5    ####...


Dungeon Overview and Level Annotations

Branches:
Dungeon (15/15)            Temple (1/1) D:6            Lair (8/8) D:11
  Swamp (4/4) Lair:3        Snake (4/4) Lair:6        Slime (0/6) Lair:8
    Orc (2/2) D:9             Elf (0/3) Orc:2        Vaults (0/5) D:14
 Depths (1/5) D:15

Altars:
Ashenzari
Cheibriados
Dithmenos
Elyvilon
Fedhas
Gozag
Hepliaklqana
Kikubaaqudgha
Makhleb
Nemelex Xobeh
Okawaru
Pakellas
Qazlal
Ru
Sif Muna
Trog
Ukayaw
Vehumet
Xom
Yredelemnul
Zin
The Shining One
Beogh

Shops:
D:7 %   D:8 }   D:10 *(   D:15 [%*==   Orc:2 ([[%   Snake:2 [

Portals:
Hell: Depths:1

Annotations:
D:8 Joseph
Swamp:1 exclusion: Roxanne, Roxanne
Depths:1 Saint Roka


Innate Abilities, Weirdness & Mutations

You heal slowly.
You have razor-sharp teeth.
You have supernaturally acute eyesight. (SInv)
You can survive without breathing.


Message History

The anaconda constricts you.
You take 32 damage, and have 25/147 hp.
MASSIVE DAMAGE!!
You escape the anaconda's grasp.
* * * LOW HITPOINT WARNING * * *
You feel very sick. The greater naga completely misses you.
The greater naga grabs you.
* * * LOW HITPOINT WARNING * * *
The greater naga constricts you. The greater naga misses you.
Your dryad misses the greater naga. Something misses your dryad.
Something grabs your dryad.
Your dryad is constricted.
The greater naga barely misses you.
* * * LOW HITPOINT WARNING * * *
The greater naga constricts you.
You take 9 damage, and have 16/147 hp.
You escape the greater naga's grasp.
* * * LOW HITPOINT WARNING * * *
You feel very sick. You block the greater naga's attack.
The greater naga hits you from afar with a spear!!
You die...

....≈≈≈..##.⌠♣......§.⌠.##.......
...≈.≈.≈..#....8N..8....#........
...♣.≈≈...##...wS......##........
...........#.....§§....#.........
#######....##..§§N§§§.##.........
......#.....###§§R§§###..........
......#.....####§N§##............
......#..).#♣.§§SN§.♣............
##....#...##..§§@§.♣♣......######
.#....#..##...).♣♣##.......#.....
.#....#..#..)[#♣#..........#.....
.#.)..#..#.....########....#.....
##....#..#♣.)...[...)(###..###'##
......#...###...(..((...##.##....
.....##.....#########[)..#.##....
'#####......##..))..(÷.(.#.##[...
...(...(..(.#...().(....##.♣#....


You could see 2 greater nagas and an anaconda.

Vanquished Creatures
  Kirke (D:13)
  3 thorn hunters
  A sphinx (Depths:1)
  A storm dragon (D:13)
  2 greater nagas
  An orc warlord (Orc:1)
  Maud (D:14)
  Aizul (Snake:3)
  The ghost of removeelyvilon the Summoner, a journeyman DsSu of Ashenzari (D:13)
  The ghost of Ijustatesigmund the Cleaver, a journeyman HOFi of Ukayaw (D:12)
  Snorg (Lair:3)
  5 vault guards (D:14)
  Josephine (D:13)
  2 yaktaur captains
  A fire dragon (Depths:1)
  Harold (Lair:3)
  3 great orbs of eyes (Depths:1)
  21 hydras
  2 ice dragons
  12 naga warriors
  3 centaur warriors
  3 ghost crabs
  15 anacondas
  3 catoblepae (Lair:8)
  Erolcha (D:8)
  2 dancing weapons
  6 alligators
  2 ogre magi
  12 death yaks (Lair:8)
  A deep troll earth mage (D:13)
  7 shock serpents
  4 orc high priests
  22 naga sharpshooters
  A fire crab (D:14)
  A wizard (D:14)
  Sonja (D:15)
  5 salamander mystics
  2 unseen horrors
  11 swamp dragons
  11 naga ritualists
  A shambling mangrove (Swamp:4)
  2 necromancers
  7 hill giants
  Pikel (D:6)
  A lindwurm (Lair:8)
  A mana viper (shapeshifter) (D:15)
  18 mana vipers
  4 orc knights
  2 griffons
  3 deep elf magi
  2 hornets (Swamp:3)
  3 cyclopes
  4 orc sorcerers (Orc:2)
  18 ugly things
  A manticore (D:14)
  12 elephants
  56 black mambas
  14 salamanders
  4 toenail golems (Volcano)
  A torpor snail (Lair:8)
  9 guardian serpents
  18 naga magi
  An ice statue (IceCv)
  An eye of devastation (Lair:8)
  2 orange demons (D:15)
  A gargoyle (D:12)
  22 spiny frogs
  2 rime drakes
  7 komodo dragons
  2 ice devils (D:14)
  An efreet (D:14)
  2 yaktaurs
  10 freezing wraiths (IceCv)
  The ghost of Gruesome the Basher, a novice GrFi (D:5)
  11 trolls
  6 giant leeches
  A harpy zombie (D:14)
  2 wolf spider simulacra
  13 blink frogs
  16 bog bodies
  3 two-headed ogres
  18 slime creatures
  3 spriggans
  39 yaks
  2 wyverns
  6 wraiths
  5 basilisks
  A hog (D:13)
  Grum (D:9)
  10 hippogriffs
  27 vampire mosquitoes
  7 humans
  A basilisk (shapeshifter) (D:13)
  3 hungry ghosts (D:14)
  A mottled dragon (D:13)
  2 wargs
  2 hell hounds (Lair:5)
  18 swamp worms
  60 nagas
  6 porcupines
  12 swamp drakes
  21 water moccasins
  8 ice beasts
  27 orc warriors
  A black bear (D:7)
  3 sky beasts
  19 ogres
  2 phantoms
  13 wolves
  2 eyes of draining
  7 wasps
  14 crocodiles
  12 centaurs
  2 big kobolds
  9 gnoll sergeants
  18 giant frogs
  A water moccasin zombie (D:6)
  2 scorpions
  A swamp dragon simulacrum (IceCv)
  3 killer bees (D:12)
  6 howler monkeys
  7 crimson imps
  A giant frog zombie (D:13)
  A quasit (D:11)
  2 giant frog skeletons
  6 gnoll shamans (Bailey)
  10 hounds
  6 jellies
  21 orc priests
  25 orc wizards
  4 centaur skeletons
  9 iron imps (D:15)
  7 draconian simulacra (IceCv)
  Crazy Yiuf (D:5)
  9 iguanas
  8 worker ants
  3 polar bear simulacra (Lair:6)
  4 spriggan simulacra (IceCv)
  5 yak simulacra (Lair:6)
  4 wolf simulacra
  4 troll simulacra (IceCv)
  A killer bee zombie (D:6)
  30 sheep
  A centaur simulacrum (IceCv)
  2 hound skeletons
  A howler monkey zombie (D:5)
  A worker ant zombie (D:5)
  25 gnolls
  13 adders
  4 ogre simulacra (IceCv)
  43 river rats
  6 shadow imps
  12 white imps (IceCv)
  An ooze (D:5)
  An adder zombie (D:7)
  An adder skeleton (D:8)
  3 worms
  3 dart slugs
  2 giant geckos
  80 orcs
  7 giant cockroaches
  8 goblins
  10 hobgoblins
  5 jackals
  7 quokkas
  A ball python (Snake:1)
  7 bats (D:1)
  2 giant gecko zombies
  3 giant newts
  14 kobolds
  A quokka skeleton (D:4)
  16 rats
  A river rat simulacrum (Lair:6)
  2 briar patches (Swamp:4)
  A plant (D:11)
1308 creatures vanquished.

Vanquished Creatures (collateral kills)
  A greater naga (Snake:4)
  A hill giant (D:10)
  A mana viper (Snake:4)
  A guardian serpent (Snake:4)
  A two-headed ogre (D:12)
  An ogre (D:5)
  A jelly (D:7)
  A shadow imp (D:12)
  An orc (D:9)
  4 briar patches (Swamp:4)
13 creatures vanquished.

Vanquished Creatures (others)
  A guardian serpent (Snake:4)
  A naga mage (Snake:4)
  A naga (Snake:4)
  A wyvern skeleton (D:6)
  2 orcs (Orc:1)
  5 fungi
  5 plants
  6 snaplasher vines
  215 snaplasher vine segments
237 creatures vanquished.

Grand Total: 1558 creatures vanquished

Notes
Turn   | Place    | Note
--------------------------------------------------------------
     0 | D:1      | mistymad the Vampire Enchanter began the quest for the Orb.
     0 | D:1      | Reached XP level 1. HP: 13/13 MP: 3/3
   490 | D:1      | Reached XP level 2. HP: 16/20 MP: 5/5
   494 | D:1      | Learned a level 2 spell: Ensorcelled Hibernation
   950 | D:1      | Reached skill level 1 in Fighting
  1058 | D:1      | Reached skill level 5 in Hexes
  1074 | D:1      | Reached XP level 3. HP: 18/26 MP: 4/6
  1620 | D:2      | Found a burning altar of Makhleb.
  1624 | D:2      | Found an iron altar of Okawaru.
  1625 | D:2      | Found an opulent altar of Gozag.
  1625 | D:2      | Found a hide-covered altar to Ukayaw.
  1625 | D:2      | Found a blossoming altar of Fedhas.
  1626 | D:2      | Found a shimmering altar of Xom.
  1627 | D:2      | Found a glowing silver altar of Zin.
  1629 | D:2      | Found a sparkling altar of Nemelex Xobeh.
  1630 | D:2      | Found a shadowy altar of Dithmenos.
  1634 | D:2      | Became a worshipper of Dithmenos the Shadowed
  2038 | D:3      | Reached XP level 4. HP: 32/32 MP: 4/7
  2112 | D:3      | Reached skill level 5 in Stealth
  2474 | D:3      | Noticed a giant frog
  2482 | D:3      | Killed a giant frog
  2482 | D:3      | Reached XP level 5. HP: 26/37 MP: 1/9
  2794 | D:3      | Reached * piety under Dithmenos
  3052 | D:4      | Got a slimy dagger
  3053 | D:4      | Identified the +9 dagger of Manan {elec, *Drain rN+ MP+9 Int+3} (You found it on level 4 of the Dungeon)
  3083 | D:4      | Noticed an ogre
  3094 | D:4      | Killed an ogre
  3094 | D:4      | Reached XP level 6. HP: 23/44 MP: 5/10
  3183 | D:4      | Learned a level 3 spell: Confuse
  3187 | D:4      | Learned a level 3 spell: Tukima's Dance
  3472 | D:4      | Reached skill level 6 in Stealth
  3542 | D:4      | Reached XP level 7. HP: 51/51 MP: 12/12
  3926 | D:5      | Entered Level 5 of the Dungeon
  3931 | D:5      | Learned a level 3 spell: Dazzling Spray
  4089 | D:5      | Reached skill level 1 in Ice Magic
  4099 | D:5      | Noticed Gruesome's ghost (novice GrFi)
  4200 | D:5      | Killed Gruesome's ghost
  4200 | D:5      | Reached skill level 5 in Dodging
  4200 | D:5      | Reached skill level 7 in Stealth
  4200 | D:5      | Reached XP level 8. HP: 42/58 MP: 11/14
  4277 | D:5      | Reached ** piety under Dithmenos
  4347 | D:5      | Found a blossoming altar of Fedhas.
  4481 | D:5      | Noticed Crazy Yiuf
  4487 | D:5      | Killed Crazy Yiuf
  4627 | D:6      | Noticed Pikel
  4633 | D:6      | Killed Pikel
  4657 | D:6      | Reached skill level 8 in Stealth
  4767 | D:6      | Found a staircase to the Ecumenical Temple.
  4775 | Temple   | Entered the Ecumenical Temple
  5137 | D:6      | Reached XP level 9. HP: 54/65 MP: 15/15
  5572 | D:7      | Reached skill level 5 in Short Blades
  5736 | D:7      | Found Fitiupe's Food Boutique.
  5759 | D:7      | Reached skill level 5 in Spellcasting
  5796 | D:7      | Reached *** piety under Dithmenos
  6371 | D:7      | Reached skill level 9 in Stealth
  6612 | D:8      | Found Cug Xenoy's Gadget Boutique.
  6952 | D:8      | Found a glowing golden altar of the Shining One.
  6960 | D:8      | Noticed Erolcha
  7020 | D:8      | Killed Erolcha
  7020 | D:8      | Reached skill level 5 in Fighting
  7020 | D:8      | Reached XP level 10. HP: 74/74 MP: 18/18
  7046 | D:8      | Noticed Joseph
  7321 | D:9      | Noticed Grum
  7336 | D:9      | Killed Grum
  7336 | D:9      | Reached skill level 5 in Ice Magic
  7611 | D:9      | Reached skill level 10 in Hexes
  7779 | D:9      | Reached skill level 10 in Stealth
  7895 | D:9      | Reached **** piety under Dithmenos
  8033 | D:9      | Found a shimmering altar of Xom.
  8277 | D:9      | Found a staircase to the Orcish Mines.
  8383 | D:10     | Entered Level 10 of the Dungeon
  8455 | D:10     | Noticed a hill giant
  8463 | D:10     | Killed a hill giant
  8479 | D:10     | Found Meudeliy's Weapon Boutique.
  8529 | D:10     | Noticed a hill giant
  8539 | D:10     | Killed a hill giant
  8539 | D:10     | Reached XP level 11. HP: 81/81 MP: 18/20
  8549 | D:10     | Found a burning altar of Makhleb.
  8621 | D:10     | Found Tasimeot's General Store.
  8630 | D:10     | Bought a scroll of magic mapping for 45 gold pieces
  8630 | D:10     | Bought a potion of mutation for 32 gold pieces
  8836 | D:11     | Found a staircase to the Lair.
  9143 | D:11     | Found a shadowy altar of Dithmenos.
  9170 | D:11     | Reached skill level 11 in Stealth
  9285 | D:11     | Noticed a brown ugly thing
  9289 | D:11     | Killed a brown ugly thing
  9339 | D:11     | Noticed a purple ugly thing
  9346 | D:11     | Killed a purple ugly thing
  9493 | Lair:1   | Entered Level 1 of the Lair of Beasts
 10404 | Lair:1   | Learned a level 2 spell: Repel Missiles
 10407 | Lair:1   | Learned a level 2 spell: Blink
 10475 | Lair:2   | Found a shadowy altar of Dithmenos.
 10498 | Lair:2   | Reached ***** piety under Dithmenos
 10893 | Lair:2   | Noticed an eight-headed hydra
 10902 | Lair:2   | Killed an eight-headed hydra
 11189 | Lair:3   | Reached skill level 12 in Stealth
 11189 | Lair:3   | Reached skill level 1 in Charms
 11261 | Lair:3   | Noticed Harold
 11268 | Lair:3   | Killed Harold
 11268 | Lair:3   | Reached skill level 1 in Translocations
 11268 | Lair:3   | Reached XP level 12. HP: 92/92 MP: 22/22
 11276 | Lair:3   | Noticed Snorg
 11293 | Lair:3   | Killed Snorg
 11465 | Lair:3   | Found a staircase to the Swamp.
 12499 | Lair:4   | Noticed a seven-headed hydra
 12515 | Lair:4   | Killed a seven-headed hydra
 12560 | Lair:4   | Noticed a five-headed hydra
 12570 | Lair:4   | Killed a five-headed hydra
 12740 | Lair:5   | Found a bloodstained altar of Trog.
 12801 | Lair:5   | Reached skill level 13 in Stealth
 12832 | Lair:5   | Found a dark tunnel.
 12845 | Volcano  | Entered a volcano
 13123 | Volcano  | Reached XP level 13. HP: 79/101 MP: 25/25
 14051 | Lair:5   | Reached ****** piety under Dithmenos
 14108 | Lair:6   | Identified 3 scrolls of acquirement
 14762 | Lair:6   | Found a staircase to the Snake Pit.
 15408 | Lair:6   | Reached skill level 10 in Dodging
 15429 | Lair:7   | Reached skill level 5 in Charms
 16061 | Lair:8   | Entered Level 8 of the Lair of Beasts
 16065 | Lair:8   | Reached skill level 14 in Stealth
 16123 | Lair:8   | Reached skill level 10 in Fighting
 16177 | Lair:8   | Identified the Incunabulum of Sinister Magic and Arcane Weapons
 16454 | Lair:8   | Reached XP level 14. HP: 110/110 MP: 26/26
 16496 | Lair:8   | Found a staircase to the Slime Pits.
 16899 | Lair:8   | Reached skill level 10 in Short Blades
 17597 | Lair:8   | Got a wavering steel ring
 17607 | Lair:8   | Identified the ring of Zecebe {rC+ Str+2 Dex+4} (You found it on level 8 of the Lair of Beasts)
 18144 | D:12     | Noticed Ijustatesigmund's ghost (journeyman HOFi)
 18162 | D:12     | Killed Ijustatesigmund's ghost
 18308 | D:12     | Reached skill level 5 in Translocations
 18426 | D:12     | Found a flagged portal.
 18465 | Bailey   | Entered a bailey
 19481 | D:13     | Found a shadowy altar of Dithmenos.
 19563 | D:13     | Noticed a storm dragon
 19571 | D:13     | Killed a storm dragon
 19571 | D:13     | Reached skill level 15 in Stealth
 19714 | D:13     | Noticed Kirke
 19748 | D:13     | Killed Kirke
 19844 | D:13     | Noticed Josephine
 19869 | D:13     | Killed Josephine
 19940 | D:13     | Learned a level 3 spell: Ozocubu's Armour
 19960 | D:13     | Noticed removeelyvilon's ghost (journeyman DsSu)
 19973 | D:13     | Killed removeelyvilon's ghost
 19973 | D:13     | Reached XP level 15. HP: 108/119 MP: 28/28
 20151 | D:14     | Found a frozen archway.
 20175 | IceCv    | Entered an ice cave
 20468 | IceCv    | Found an ancient bone altar of Kikubaaqudgha.
 21644 | D:14     | Found a gate to the Vaults.
 22259 | D:14     | Noticed Maud
 22266 | D:14     | Killed Maud
 22365 | D:15     | Entered Level 15 of the Dungeon
 22455 | D:15     | Found Ahataica's Jewellery Boutique.
 22469 | D:15     | Bought the ring of Uravyngy {+Fly rPois Int+2} for 329 gold pieces
 22583 | D:15     | Found Kuocwun's Jewellery Boutique.
 22694 | D:15     | Reached skill level 16 in Stealth
 22721 | D:15     | Found Laotur's Antique Armour Boutique.
 22815 | D:15     | Bought a pair of embroidered gloves for 144 gold pieces
 22850 | D:15     | Bought the amulet "Huudwyak" {Reflect Str+6 SH+3} for 535 gold pieces
 22944 | D:15     | Found Lunel's Food Boutique.
 22962 | D:15     | Found Acimimul's Assorted Antiques.
 22962 | D:15     | Noticed Sonja
 22970 | D:15     | Killed Sonja
 22970 | D:15     | Reached skill level 10 in Spellcasting
 22993 | D:15     | Found a basalt altar of Yredelemnul.
 23296 | D:15     | Found a staircase to the Depths.
 23461 | Depths:1 | Entered Level 1 of the Depths
 23728 | Depths:1 | Noticed a sphinx
 23735 | Depths:1 | Killed a sphinx
 23735 | Depths:1 | Reached XP level 16. HP: 129/129 MP: 30/30
 23786 | Depths:1 | Noticed Saint Roka
 24091 | Depths:1 | Found a gateway to Hell.
 24293 | Lair:1   | Learned a level 6 spell: Haste
 24424 | Snake:1  | Entered Level 1 of the Snake Pit
 24628 | Snake:1  | Found a runed gate.
 24628 | Snake:1  | Found a runed gate.
 24628 | Snake:1  | Found a runed gate.
 24847 | Snake:1  | Reached skill level 15 in Hexes
 25341 | Snake:2  | Found Cenaem's Antique Armour Emporium.
 25347 | Snake:2  | Bought an embroidered cloak for 108 gold pieces
 26845 | Snake:3  | Noticed Aizul
 26882 | Snake:3  | Killed Aizul
 27191 | Snake:4  | Entered Level 4 of the Snake Pit
 27207 | Snake:4  | Reached XP level 17. HP: 137/137 MP: 31/31
 27836 | Snake:4  | Reached skill level 17 in Stealth
 28481 | Lair:1   | Learned a level 5 spell: Summon Forest
 28569 | Swamp:1  | Entered Level 1 of the Swamp
 28894 | Swamp:1  | Noticed Roxanne
 30902 | Swamp:3  | Reached skill level 1 in Summonings
 31716 | Swamp:4  | Entered Level 4 of the Swamp
 32794 | Swamp:4  | Got a smoking chain mail
 32833 | Swamp:4  | Reached XP level 18. HP: 146/146 MP: 33/33
 32972 | Swamp:4  | Got a decaying rune of Zot
 33078 | Swamp:4  | Identified the +8 chain mail of Levity {rPois Str+6 Int-5} (You took it off a spriggan on level 4 of the Swamp)
 33388 | Orc:1    | Entered Level 1 of the Orcish Mines
 33700 | Orc:2    | Entered Level 2 of the Orcish Mines
 33743 | Orc:2    | Found a staircase to the Elven Halls.
 33892 | Orc:1    | Found a roughly hewn altar of Beogh.
 33905 | Orc:1    | Reached skill level 18 in Stealth
 34221 | Orc:2    | Found a roughly hewn altar of Beogh.
 34473 | Orc:2    | Found Iveariacs's Weapon Boutique.
 34779 | Orc:2    | Found Siweyt's Food Boutique.
 34799 | Orc:2    | Paralysed by an orc sorcerer for 4 turns
 34819 | Orc:2    | Found Winueb's Antique Armour Emporium.
 34819 | Orc:2    | Found Loing's Armour Emporium.
 38079 | Snake:4  | Reached skill level 10 in Charms
 38345 | Snake:4  | Mangled by a greater naga

Vault maps used:
D:1:      lightli_arrival_windingriver, st_stairs_13,
          kennysheep_decorative_pillar, minmay_crystal_room,
          corexii_leaking_fountain, minmay_rat_gold_closets
D:2:      minitemple
D:4:      first_bread, minmay_misc_feat_secret_circle
D:5:      fedhas_altar_1, uniq_crazy_yiuf_cottage
D:6:      minmay_temple_entry_mist, uniq_pikel
D:7:      serial_shops, shop, the_bakery
D:8:      nicolae_overflow_hidden_temple, serial_shops, nicolae_shop_stone,
          uniq_joseph, uniq_erolcha
D:9:      david_orc_4, basic_altar, minmay_item_behind_shaft,
          minmay_misc_feat_pillars, uniq_grum
D:10:     serial_shops, shop, shop, basic_altar
D:11:     david_lair_shrubbed, basic_altar
D:12:     enter_bailey_7
D:13:     basic_altar, minmay_diamond_spiral, uniq_kirke, uniq_josephine
D:14:     hangedman_cross_stitches, grunt_vaults_entry_fortified,
          hangedman_decor_riveting, portal_ice_cave_demonic_guard, uniq_maud
D:15:     grunt_enter_depths_snipers, serial_shops,
          nicolae_shop_window_shopping, shop_statue, nicolae_shop_crystal, shop,
          shop, lemuel_hellish_altar, uniq_sonja
Temple:   oiseaux_autumnal_temple_12
Lair:1:   lemuel_fruit_tree, grunt_megastairs_2
Lair:2:   basic_altar, columned_hall_lemuel
Lair:3:   minmay_swamp_entry_worms, guppyfry_lair_drakes, uniq_harold,
          uniq_snorg
Lair:5:   enter_volcano_3, basic_altar, st_stairs_11
Lair:6:   dummy_snake_entry, eino_house_with_fridge
Lair:8:   evilmike_catoblepas_cave, minmay_slime_entry_eyes, serial_bayou_pond_e
Swamp:1:  hangedman_swamp_pad, swamp_pool1, uniq_roxanne
Swamp:2:  evilmike_swamp_ruin_rubble_1, swamp_pool1
Swamp:3:  hangedman_swamp_blocks, swamp_pool4, statue_in_the_mist_lemuel,
          nicolae_swamp_dragon_and_kin, infiniplex_staircase_pool_2
Swamp:4:  swamp_alternative, infiniplex_staircase_pool
Snake:1:  serial_curves, eino_curves_03, eino_curves_02,
          nicolae_snake_serpentine_hallways, nicolae_snake_horde_hoard
Snake:2:  serial_shops, shop
Snake:3:  basic_stair_grate_trap, uniq_aizul
Snake:4:  grunt_snake_rune_serpentine_throne, corexii_hall_statues_i,
          serial_bayou_pond_e, grunt_megastairs_4, serial_bayou_shore_b
Orc:1:    kennysheep_orc_chapel
Orc:2:    st_orc_elflike, basic_altar
Depths:1: serial_glass, glass_columns_c, glass_columns_a, glass_columns_a,
          glass_columns_a, glass_columns_b, glass_columns_a, glass_columns_a,
          glass_columns_a, glass_columns_b, glass_columns_a, glass_columns_c,
          glass_columns_a, glass_columns_a, glass_columns_b,
          due_unseen_surprise, item_on_display_a, hangedman_geh_valley,
          uniq_saint_roka
Bailey:   bailey_polearm_gnolls_kennysheep, bailey
IceCv:    ice_cave_small_necro
Volcano:  volcano_bunker

Skill      XL: |  1  2  3  4  5  6  7  8  9 10 11 12 13 14 15 16 17 18 |
---------------+-------------------------------------------------------+-----
Fighting       | 1 2 3 4 5 6 7 9 10 11 12 13 14 | 14.7
Hexes          | 5 6 7 8 9 10 11 12 13 14 15 16 | 16.9
Stealth        | 5 6 7 8 9 10 12 13 14 15 16 17 18 | 18.4
Dodging        | 3 4 5 6 7 8 9 10 11 12 13 | 13.5
Short Blades   | 2 3 4 6 7 8 9 10 11 12 13 | 13.2
Spellcasting   | 3 4 5 6 7 8 9 10 11 | 11.5
Ice Magic      | 2 3 4 5 |  5.0
Charms         | 1 4 5 7 8 9 10 | 10.1
Translocations | 1 2 4 5 6 7 8 |  8.8
Summonings     | 2 3 |  3.3

Action                   |  1- 3 |  4- 6 |  7- 9 | 10-12 | 13-15 | 16-18 || total
-------------------------+-------+-------+-------+-------+-------+-------++-------
Melee: Dagger            |   138 |    93 |   249 |   413 |   892 |  1032 ||  2817
       Bite              |    13 |     6 |    18 |    38 |    97 |   156 ||   328
 Cast: Corona            |     9 |     3 |       |       |       |       ||    12
       Ensorcelled Hiber |    13 |    20 |    29 |    44 |    24 |    53 ||   183
       Confuse           |       |     3 |    30 |    36 |   180 |   263 ||   512
       Tukima's Dance    |       |       |     6 |     4 |     3 |     2 ||    15
       Dazzling Spray    |       |       |     3 |     6 |    65 |   160 ||   234
       Blink             |       |       |       |     1 |       |     2 ||     3
       Repel Missiles    |       |       |       |       |     1 |     3 ||     4
       Ozocubu's Armour  |       |       |       |       |     2 |     7 ||     9
       Summon Forest     |       |       |       |       |       |    10 ||    10
       Haste             |       |       |       |       |       |     1 ||     1
Invok: Shadow Step       |       |       |       |       |     1 |       ||     1
 Abil: End Transformatio |       |       |       |       |     1 |       ||     1
       Bat Form          |       |       |       |       |     1 |       ||     1
Evoke: Wand              |       |       |       |       |     1 |     3 ||     4
  Use: Potion            |     1 |     3 |     3 |     2 |     4 |     9 ||    22
       Scroll            |       |       |       |    10 |    12 |    18 ||    40
 Stab: Sleeping          |    22 |    22 |    32 |   110 |   170 |   132 ||   488
       Confused          |       |     1 |     9 |    20 |   113 |   149 ||   292
       Invisible         |       |       |     2 |     1 |    14 |    58 ||    75
       Distracted        |       |       |       |     1 |       |     7 ||     8
Armor: Robe              |    62 |    10 |    23 |    34 |    78 |    86 ||   293
Dodge: Dodged            |   145 |    71 |   170 |   205 |   532 |   828 ||  1951
       Deflected         |       |       |       |       |     7 |    21 ||    28
Block: Other             |       |       |       |       |     3 |    82 ||    85
       Reflection        |       |       |       |       |     1 |     6 ||     7
